 Dungeon Crawl Stone Soup version 0.31-a0-358-gac0dbeb3ab (webtiles) character file.

Game seed: 11407973960949890214

1927 Newt the Mimic (level 9, -3/66 (72) HPs)
             Began as a Merfolk Shapeshifter on July 25, 2023.
             Was an Initiate of Makhleb.
             Slain by a wight
             ... wielding a +2 war axe
              (18 damage)
             ... on level 7 of the Dungeon.
             The game lasted 00:07:05 (6606 turns).

Newt the Mimic (Merfolk Shapeshifter)               Turns: 6606, Time: 00:07:06

HP:   -3/66 (72)    AC:  2    Str: 20    XL:     9   Next: 17%
MP:   9/9           EV: 13    Int:  7    God:    Makhleb [......]
Gold: 389           SH:  6    Dex: 14    Spells: 8/8 levels left

rFire   . . .        m - +2 dagger (venom)
rCold   . . .        d - +1 buckler
rNeg    . . .        a - +0 animal skin
rPois   +            (helmet currently unavailable)
rElec   .            (cloak currently unavailable)
rCorr   .            (gloves currently unavailable)
SInv    .            (boots currently unavailable)
Will    .....        (no amulet)
Stlth   +            p - ring of poison resistance
HPRegen 0.31/turn    (no ring)
MPRegen 0.11/turn

%: no passive effects
@: beast-form, drained
A: beast (slay +6), (nimble swimmer 2), mertail
a: Begin Untransformation, Renounce Religion


You were on level 7 of the Dungeon.
You worshipped Makhleb.
Makhleb was noncommittal.
You were a hulking beast.
You visited 2 branches of the dungeon, and saw 8 of its levels.

You collected 389 gold pieces.

Inventory:

Hand Weapons
 b - a +0 scythe
 m - a +2 dagger of venom (weapon)
Missiles
 q - 12 poisoned darts
Armour
 a - a +0 animal skin (worn)
 d - a +1 buckler (worn)
 j - a +2 robe of resistance
Jewellery
 p - a ring of poison resistance (left hand)
Talismans
 c - a beast talisman
Wands
 n - a wand of iceblast (14)
 A - a wand of flame (16)
Scrolls
 e - 2 scrolls of immolation
 f - 7 scrolls of teleportation
 g - a scroll of identify
 k - 2 scrolls of noise
Potions
 h - 2 potions of degeneration
 i - a potion of haste {unknown}
 l - a potion of curing
 r - a potion of might {unknown}
 t - a potion of lignification
 u - 2 potions of heal wounds {unknown}
 w - a potion of mutation {unknown}
 z - a potion of brilliance {unknown}


   Skills:
 - Level 7.0 Fighting
 - Level 4.0 Short Blades
 - Level 4.0 Dodging
 - Level 4.0 Shields
 - Level 3.2 Unarmed Combat
 + Level 2.2 Evocations
 - Level 9.0 Shapeshifting


You had 8 spell levels left.
You didn't know any spells.
Your spell library contained the following spells:

 Spells                   Type           Power      Damage    Failure   Level
 Sting                    Tmut/Pois      0%         1d3       50%         1
 Poisonous Vapours        Pois/Air       0%         N/A       65%         2
 Olgreb's Toxic Radiance  Pois           0%         N/A       99%         4


Dungeon Overview and Level Annotations

Branches:
Dungeon (7/15)             Temple (1/1) D:6

Altars:
Ashenzari
Dithmenos
Elyvilon
Fedhas
Gozag
Hepliaklqana
Kikubaaqudgha
Makhleb
Nemelex Xobeh
Qazlal
Wu Jian
Yredelemnul
The Shining One

Shops:
D:1 [   D:3 [


Innate Abilities, Weirdness & Mutations

You are a hulking beast.
Your limbs bulge with bestial killing power. (Slay +6)
((You are very nimble when in or above water. (Stealth+, EV+, Speed+++)))
Your lower body shifts to a powerful aquatic tail in water.


Message History

The wight hits you with a +2 flail of freezing!
* * * LOW HITPOINT WARNING * * *
You feel drained.
* * * LOW HITPOINT WARNING * * *
The wight freezes you.
* * * LOW HITPOINT WARNING * * *
The wight attacks as you move away! The wight closely misses you.
Aiming: Iceblast
Press: ? - help, Shift-Dir - straight line, f - wight
Aim: a wight, wielding a +2 flail of freezing and wearing a +0 robe (severely damaged)
The mass of ice explodes!
The iceblast engulfs the wight.
The wight partially resists.
The wight is almost destroyed.
The iceblast engulfs the wight.
The wight partially resists.
The wight is moderately damaged.
You hear a shout!
Unknown command.
Unknown command.
Unknown command.
Aiming: Iceblast
Press: ? - help, Shift-Dir - straight line, f/p - wight
Aim: a wight, wielding a +2 flail of freezing and wearing a +0 robe (almost destroyed)
The mass of ice explodes!
The iceblast engulfs the wight!
The wight partially resists.
You destroy the wight!
Makhleb accepts your kill.
The iceblast engulfs the wight.
The wight partially resists.
The wight is heavily damaged.
Your Evocations skill increases to level 2!
Unknown command.
Unknown command.
Unknown command.
Aiming: Throw Flame
Press: ? - help, Shift-Dir - straight line, f - wight
Aim: a wight, wielding a +2 war axe and wearing a +0 robe (heavily damaged, 71% to hit)
The puff of flame hits the wight but does no damage.
The wight is heavily damaged.
An orc comes into view. It is wielding a +0 short sword.
The wight hits you with a +2 war axe!!
You die...

,,,,,,,,,#...........'..........#
,,,<,,,,,+...........#..........#
*******#,##.###.<###.########..##
***,,*##.######.)###.####..##..##
,,,,,,...o.........#...#...##..##
,,,,,,.............#...#...#.....
,,,,,,.............#...#...+.....
,,,,,,.............#...#...#.....
,****,##.##.##..h################
,**###########..z################
,,,..............)#####...<......
,,,...............#####......>...
,,*....P...P......###♣♣........♣♣
**,PP..P.PP..P.P.#.P♣.♣♣♣##.###.♣
,,*,.♣P.P..P.......♣$.♣.♣$P♣♣.♣PP
,*,,♣.........P...♣♣.P.♣♣.♣♣..♣.♣
,,*♣..P...###....♣..♣..P.♣.♣♣...♣


You could see a wight and an orc.

Vanquished Creatures
  Grinder (D:6)
  Sigmund (D:2)
  A steam dragon (D:7)
  A water moccasin (D:6)
  2 black bears
  Duvessa (D:6)
  An ogre (D:5)
  A centaur (D:6)
  A scorpion (D:4)
  3 wights
  Dowan (D:6)
  2 orc priests (D:5)
  3 hounds
  A jelly (D:7)
  A sleepcap (D:5)
  Jessica (D:2)
  Terence (D:3)
  4 iguanas
  3 orc wizards
  6 adders
  A shadow imp (D:6)
  An ufetubus (D:6)
  3 worms (D:3)
  3 dart slugs
  28 orcs
  3 ball pythons
  7 endoplasms
  4 giant cockroaches
  5 goblins
  6 hobgoblins
  5 jackals
  6 quokkas
  5 bats
  2 frilled lizards (D:1)
  6 kobolds
  6 rats
127 creatures vanquished.

Notes
Turn   | Place    | Note
-------+----------+-------------------------------------------
     0 | D:1      | Newt the Merfolk Shapeshifter began the quest for the Orb.
     0 | D:1      | Reached XP level 1. HP: 15/15 MP: 1/1
    55 | D:1      | Found Irorrady's Antique Armour Shoppe.
   138 | D:1      | Reached XP level 2. HP: 20/22 MP: 2/2
   633 | D:2      | Noticed Jessica
   650 | D:2      | Killed Jessica
   651 | D:2      | Reached XP level 3. HP: 23/29 MP: 3/3
   854 | D:2      | Reached XP level 4. HP: 20/35 MP: 4/4
  1302 | D:2      | Noticed Sigmund
  1311 | D:2      | Killed Sigmund
  1312 | D:2      | Reached skill level 6 in Shapeshifting
  1312 | D:2      | Reached XP level 5. HP: 41/41 MP: 5/5
  1312 | D:2      | Reached XP level 6. HP: 47/47 MP: 6/6
  1476 | D:3      | Found Bifacs's Armour Shop.
  2228 | D:3      | Reached skill level 7 in Shapeshifting
  2343 | D:3      | Noticed Terence
  2346 | D:3      | Reached skill level 1 in Short Blades
  2356 | D:3      | Killed Terence
  2944 | D:4      | You fall into a shaft and drop 1 floor!
  2944 | D:5      | Entered Level 5 of the Dungeon
  3011 | D:5      | Reached XP level 7. HP: 52/52 MP: 7/7
  3927 | D:5      | Reached skill level 8 in Shapeshifting
  4303 | D:5      | Reached XP level 8. HP: 54/58 MP: 8/8
  4312 | D:5      | Reached skill level 9 in Shapeshifting
  4719 | D:6      | Noticed Duvessa
  4720 | D:6      | Noticed Dowan
  4734 | D:6      | Killed Duvessa
  4737 | D:6      | Killed Dowan
  5479 | D:6      | Found a staircase to the Ecumenical Temple.
  5546 | Temple   | Entered the Ecumenical Temple
  5556 | Temple   | Became a worshipper of Makhleb the Destroyer
  5644 | D:6      | Reached skill level 5 in Fighting
  5689 | D:6      | Found a broken altar of Ashenzari.
  5725 | D:6      | Noticed Grinder
  5735 | D:6      | Paralysed by Grinder for 3 turns
  5749 | D:6      | Killed Grinder
  6175 | D:7      | Reached XP level 9. HP: 43/71 MP: 9/9
  6540 | D:7      | Reached skill level 1 in Evocations
  6606 | D:7      | Slain by a wight

Illustrated notes

Levels and vault maps discovered:
D:1:      lordsloth_arrival_two_stooges, layout_loops_ring, serial_shops, shop
D:2:      layout_basic, uniq_jessica, uniq_sigmund
D:3:      minmay_diamond_boxcup, layout_loops_ring, serial_shops, shop,
          uniq_terence
D:4:      layout_loops_cross, serial_rivers, chequers_serial_rivers_micro_b,
          chequers_serial_rivers_small_3, chequers_serial_rivers_micro_c,
          chequers_serial_rivers_small_b, chequers_serial_rivers_micro_c
D:5:      nicolae_cairo_tiling_large, layout_rooms
D:6:      layout_cave_pools, mainiacjoe_overflow_alcove_2,
          minmay_temple_entry_glass, uniq_grinder, uniq_duvessa
D:7:      wad_woods_settlement, layout_gridville, zin_scriptorium,
          nicolae_overflow_squiral, supply_closet_lemuel,
          palyth_stone_intersect, due_unseen_surprise, uniq_maggie
Temple:   nicolae_temple_x_marks_the_god

Skill      XL: |  1  2  3  4  5  6  7  8  9 |
---------------+----------------------------+-----
Fighting       | 2 3 6 7 |  7.0
Dodging        | 4 |  4.0
Shapeshifting  | 6 7 8 9 |  9.0
Short Blades   | 3 4 |  4.0
Shields        | 4 |  4.0
Evocations     | 2 |  2.2
Unarmed Combat | |  3.2

Action                     |  1- 3 |  4- 6 |  7- 9 || total
---------------------------+-------+-------+-------++-------
  Melee: Unarmed           |    53 |    50 |       ||   103
         Dagger            |       |   119 |   193 ||   312
         Tailslap          |       |       |     1 ||     1
  Evoke: Wand              |       |       |     7 ||     7
    Use: Potion            |       |     1 |     3 ||     4
         Scroll            |       |     2 |     7 ||     9
   Stab: Sleeping          |     2 |       |     2 ||     4
 Armour: Animal skin       |     8 |    19 |    16 ||    43
         Skin              |       |     1 |       ||     1
  Dodge: Dodged            |    24 |   115 |   109 ||   248
  Block: Buckler           |     5 |    26 |    35 ||    66

Table legend: (Time is in decaauts)
 A = Elapsed time spent in this place.
 B = Non-inter-level travel time spent in this place.
 C = Inter-level travel time spent in this place.
 D = Time resting spent in this place.
 E = Time spent auto-exploring this place.
 F = Levels seen in this place.
 G = Mean time per level.
                   A        B        C        D        E       F      G
               +--------+--------+--------+--------+--------+-----+--------+
         Total |   6561 |   6341 |    220 |   1971 |   3466 |   8 |  820.1 |
       Dungeon |   6540 |   6339 |    201 |   1971 |   3466 |   7 |  934.3 |
        Temple |     20 |      1 |     19 |      0 |      0 |   1 |   20.0 |
               +--------+--------+--------+--------+--------+-----+--------+

Top non-repeatable levels by time:
     D:6: 1489 daAuts
     D:2: 1477 daAuts
     D:5: 899 daAuts
     D:3: 869 daAuts
     D:4: 820 daAuts
     D:1: 595 daAuts
     D:7: 389 daAuts
  Temple: 20 daAuts
